cohdb
Replays
Latest Replays
All Replays
Popular Replays
Top Player Replays
Match Explorer
How It Works
Community
CoH3 Stats
Reddit
Sign in to upload your games and track your stats! →
Sign in with Steam
Match 47328699
Unlisted
Match 47328699
Overview
Messages
Build Orders
End
Construct Section Command Post
Selects Indian Artillery Battlegroup
Infantry Section
Infantry Section
Grenade Package
Infantry Section
Selects War Cry
Construct Field Infirmary
Construct Platoon Command Post
Selects Gurkha Rifles Section
Gurkha Rifles Section
6-pounder Anti-tank Gun Team
Infantry Training
War Cry
atank
marcinlab
Firm Hands
Tanith's Finest
DaRtH VaDeRX2020
Yikers
mcq_knight
A Quick Workaround
0
0
Comments
sign in to comment!
No comments posted yet!